 Dungeon Crawl Stone Soup version 0.26-a0-964-g69f9a3b9e2 (webtiles) character file.

Game seed: 1825914900486993140

342 jestyr24 the Chopper (level 6, -10/55 HPs)
             Began as a Minotaur Berserker on Nov 29, 2020.
             Was a Believer of Trog.
             Mangled by an ogre
             ... wielding a +0 giant club
              (25 damage)
             ... on level 4 of the Dungeon on Dec 2, 2020.
             The game lasted 00:17:37 (3447 turns).

jestyr24 the Chopper (Minotaur Berserker)           Turns: 3447, Time: 00:17:38

Health: -10/55     AC: 10    Str: 23    XL:     6   Next: 30%
Magic:  5/5        EV:  9    Int:  5    God:    Trog [**....]
Gold:   235        SH:  0    Dex:  9    Spells: 5/5 levels left

rFire    . . .     SeeInvis .   a - +1 hand axe
rCold    . . .     Faith    +   (no shield)
rNeg     . . .     Spirit   .   l - +0 chain mail
rPois    .         Reflect  .   (helmet restricted)
rElec    .         Harm     .   (no cloak)
rCorr    .         Rampage  .   (no gloves)
MR       +....                  u - +0 pair of boots
Stlth    ..........             v - amulet of faith
HPRegen  0.18/turn              m - ring of protection from magic
MPRegen  0.09/turn              (no ring)

@: no status effects
A: retaliatory headbutt, horns 2
a: Berserk, Trog's Hand, Renounce Religion


You were on level 4 of the Dungeon.
You worshipped Trog.
Trog was pleased with you.
You visited 1 branch of the dungeon, and saw 4 of its levels.

You collected 235 gold pieces.

Inventory:

Hand Weapons
 a - a +1 hand axe (weapon)
Missiles
 e - 23 poisoned darts
 r - 4 boomerangs (quivered)
 s - 51 stones
Armour
 l - a +0 chain mail (worn)
 q - a +0 chain mail
 u - a +0 pair of boots (worn)
Jewellery
 m - a ring of protection from magic (left hand)
 v - an amulet of faith (around neck)
Scrolls
 c - 4 scrolls of identify
 k - a scroll of immolation
 p - 4 scrolls of remove curse
 t - a scroll of blinking {unknown}
 w - a scroll of noise {unknown}
 x - a scroll of enchant armour {unknown}
Potions
 f - 2 potions of flight {unknown}
 g - 2 potions of curing
 h - 2 potions of magic
 i - a potion of might {unknown}
 z - a potion of mutation {unknown}
 A - a potion of attraction {unknown}


   Skills:
 + Level 4.9 Fighting
 + Level 6.2 Axes
 + Level 4.7 Armour
 + Level 3.1 Dodging
 - Level 0.1 Stealth


You had 5 spell levels left.
You didn't know any spells.
Your spell library was empty.

Dungeon Overview and Level Annotations

Branches:
Dungeon (4/15)
 Temple: D:4-7

Altars:
Elyvilon
Fedhas
Makhleb
Sif Muna

Shops:
D:4 ?!(


Innate Abilities, Weirdness & Mutations

You reflexively headbutt those who attack you in melee.
You have a pair of horns on your head.


Message History

Press: ? - help, Q - select action, (/) - cycle Shift-Dir - straight line, f/p - ogre
Aim: an ogre, wielding a +0 giant club (lightly wounded)
You throw a boomerang. The boomerang barely misses the ogre.
Throw: 4 boomerangs
Press: ? - help, Q - select action, (/) - cycle Shift-Dir - straight line, f/p - ogre
Aim: an ogre, wielding a +0 giant club (lightly wounded)
You throw a boomerang. The boomerang closely misses the ogre.
You barely miss the ogre. You headbutt the ogre!
The ogre is heavily wounded.
You hit the ogre.
The ogre is heavily wounded.
The ogre hits you with a +0 giant club!!
* * * LOW HITPOINT WARNING * * *
You barely miss the ogre.
The ogre is heavily wounded.
The ogre barely misses you.
You hit the ogre but do no damage.
The ogre is heavily wounded.
The ogre hits you with a +0 giant club!!
You die...

#..................
##...................
##..................
#.>..............<.
#..................
#......∩..........#
#####.............#
##............#
#.....@......#
######.O.....#
##....#.. .#<....
....... ##..... .....
.... ...


You could see an ogre.

Vanquished Creatures
  An ogre (D:4)
  An orc priest (D:3)
  Natasha (thrice) (D:2)
  A worker ant (D:4)
  4 adders
  An ooze (D:4)
  2 worms
  5 dart slugs
  2 leopard geckos (D:3)
  5 orcs (D:3)
  2 ball pythons
  2 giant cockroaches
  6 goblins
  6 hobgoblins
  8 jackals
  6 kobolds
  3 quokkas
  5 bats
  2 frilled lizards (D:1)
  5 rats
70 creatures vanquished.

Vanquished Creatures (others)
  5 toadstools (D:1)
5 creatures vanquished.

Grand Total: 75 creatures vanquished

Notes
Turn   | Place    | Note
-------+----------+-------------------------------------------
     0 | D:1      | jestyr24 the Minotaur Berserker began the quest for the
                  | Orb.
     0 | D:1      | Reached XP level 1. HP: 19/19 MP: 0/0
    19 | D:1      | Reached XP level 2. HP: 25/27 MP: 1/1
   121 | D:1      | Reached skill level 4 in Axes
  1112 | D:1      | Upgraded the game from 0.26-a0-952-g76694b35de to
                  | 0.26-a0-958-gf3041fb45f
  1264 | D:2      | Noticed Natasha
  1268 | D:2      | Killed Natasha
  1269 | D:2      | Reached XP level 3. HP: 30/33 MP: 2/2
  1356 | D:2      | Noticed Natasha
  1362 | D:2      | Killed Natasha
  1363 | D:2      | Reached XP level 4. HP: 15/40 MP: 3/3
  1571 | D:2      | Found a blossoming altar of Fedhas.
  1805 | D:2      | Noticed Natasha
  1818 | D:2      | Killed Natasha
  1819 | D:2      | Reached skill level 5 in Axes
  2294 | D:3      | Found a white marble altar of Elyvilon.
  2313 | D:3      | Reached ** piety under Trog
  2427 | D:3      | Reached XP level 5. HP: 47/47 MP: 4/4
  2814 | D:3      | Found a burning altar of Makhleb.
  3298 | D:4      | Found Pechut's Distillery.
  3329 | D:4      | Found a shimmering blue altar of Sif Muna.
  3405 | D:4      | Found Mywo Bae's Magic Scroll Shop.
  3417 | D:4      | Found Ilelolluicw's Weapon Boutique.
  3431 | D:4      | Upgraded the game from 0.26-a0-958-gf3041fb45f to
                  | 0.26-a0-964-g69f9a3b9e2
  3432 | D:4      | Noticed an ogre
  3437 | D:4      | Noticed an ogre
  3439 | D:4      | Killed an ogre
  3440 | D:4      | Reached skill level 6 in Axes
  3440 | D:4      | Reached XP level 6. HP: 34/55 MP: 5/5
  3447 | D:4      | Mangled by an ogre

Illustrated notes

Levels and vault maps discovered:
D:1:      ldierk_walled_garden, layout_loops_corners,
          chequers_serial_rivers_room_b
D:2:      layout_basic, lemuel_round_altar, uniq_natasha
D:3:      layout_loops_corners, general_overflow_altar, elyvilon_altar_4
D:4:      layout_rooms, lemuel_doored_altar, kennysheep_mini_moat, serial_shops,
          nicolae_shop_stone, shop, shop, nicolae_shop_overgrown_old_shop,
          kennysheep_mini

Skill      XL: |  1  2  3  4  5 |
---------------+----------------+-----
Axes           | 4 5 6 |  6.2
Fighting       | 4 |  4.9
Armour         | 3 4 |  4.7
Dodging        | 3 |  3.1
Stealth        | |  0.1

Action                   |  1- 3 |  4- 6 || total
-------------------------+-------+-------++-------
Melee: Hand axe          |    35 |   124 ||   159
       Headbutt          |     3 |    14 ||    17
Throw: Boomerang         |       |     5 ||     5
  Use: Scroll            |       |     6 ||     6
Armor: Animal skin       |    10 |       ||    10
       Scale mail        |     5 |    32 ||    37
       Chain mail        |       |    21 ||    21
Dodge: Dodged            |    30 |    62 ||    92

Table legend: (Time is in decaauts)
 A = Elapsed time spent in this place.
 B = Non-inter-level travel time spent in this place.
 C = Inter-level travel time spent in this place.
 D = Time resting spent in this place.
 E = Time spent auto-exploring this place.
 F = Levels seen in this place.
 G = Mean time per level.
                   A        B        C        D        E       F      G
               +--------+--------+--------+--------+--------+-----+--------+
         Total |   3476 |   3325 |    151 |    625 |   1693 |   4 |  869.0 |
       Dungeon |   3476 |   3325 |    151 |    625 |   1693 |   4 |  869.0 |
               +--------+--------+--------+--------+--------+-----+--------+

Top non-repeatable levels by time:
     D:1: 1167 daAuts
     D:3: 1146 daAuts
     D:2: 1010 daAuts
     D:4: 152 daAuts
